 Dungeon Crawl Stone Soup version 0.23.2 (webtiles) character file.

Game seed: 15569778685753871115

58 Gargoyl the Skirmisher (level 3, -1/31 HPs)
             Began as a Centaur Abyssal Knight on Apr 6, 2019.
             Was a Follower of Lugonu.
             Killed by divine providence
             ... invoked by an orc priest
              (15 damage)
             ... on level 3 of the Dungeon.
             The game lasted 00:05:43 (2361 turns).

Gargoyl the Skirmisher (Centaur Abyssal Knight)     Turns: 2361, Time: 00:05:43

Health: -1/31      AC:  7    Str: 14    XL:     3   Next: 76%
Magic:  4/4        EV: 10    Int: 11    God:    Lugonu [*.....]
Gold:   166        SH:  0    Dex:  9    Spells: 2/2 levels left

rFire    . . .     SeeInvis .   a - +2 hand axe
rCold    . . .     Gourm    .   (no shield)
rNeg     . . .     Faith    .   f - +0 ring mail
rPois    .         Spirit   .   (no helmet)
rElec    .         Reflect  .   (no cloak)
rCorr    .         Harm     .   p - +0 pair of gloves
MR       .....                  (no barding)
Stlth    ..........             (no amulet)
HPRegen  0.10/turn              i - +2 ring of evasion
MPRegen  0.09/turn              (no ring)

@: very quick
A: large, hooves 3, deformed body, speed 2, tough skin 3
a: Depart the Abyss, Renounce Religion


You were on level 3 of the Dungeon.
You worshipped Lugonu.
Lugonu was aware of your devotion.
You were hungry.

You visited 1 branch of the dungeon, and saw 3 of its levels.
You visited the Abyss 1 time.

You collected 166 gold pieces.

Inventory:

Hand Weapons
 a - a +2 hand axe (weapon)
Missiles
 l - 3 tomahawks (quivered)
Armour
 f - a +0 ring mail (worn)
 p - a +0 pair of gloves (worn)
Jewellery
 i - a +2 ring of evasion (left hand)
Wands
 k - a wand of flame (15)
Scrolls
 m - a scroll of enchant weapon
Potions
 b - 2 potions of flight
 d - a potion of mutation {unknown}
 g - 2 potions of lignification {unknown}
 h - a potion of might {unknown}
 n - a potion of cancellation {unknown}
Comestibles
 c - 5 rations


   Skills:
 + Level 3.4 Fighting
 + Level 2.2 Axes
 * Level 1.9 Armour
 * Level 1.2 Dodging
 * Level 2.5 Invocations


You had 2 spell levels left.
You didn't know any spells.
Your spell library was empty.

Dungeon Overview and Level Annotations

Branches:
Dungeon (3/15)

Altars:


Innate Abilities, Weirdness & Mutations

You have hooves in place of feet.
Armour fits poorly on your strangely shaped body.
You cover ground very quickly.
You have extremely tough skin. (AC +3)


Message History

Lugonu accepts your kill.
You hit the frilled lizard.
You kill the frilled lizard!
Lugonu accepts your kill.
The orc priest mumbles some strange prayers to Beogh against you.
Beogh smites you!
You see here a frilled lizard corpse.
The orc priest misses you.
You barely miss the orc priest. The orc priest hits you.
You hit the orc priest.
The orc priest is lightly wounded.
The orc priest closely misses you.
You hit the orc priest but do no damage.
The orc priest is lightly wounded.
The orc priest hits you. x2
You closely miss the orc priest.
The orc priest is lightly wounded.
The orc priest invokes the aid of Beogh against you.
Beogh smites you!
You die...

# . #######
#.....###############
...............†@o..#
#.#.#.#############.##
#.#.#.# #..# #...#.#
##.## ###.#.# #..#
......# ##.## #.######
#####..########
......(..
......h.........
#.#######
..#####..####...


You could see an orc priest.

Vanquished Creatures
  An adder (D:2)
  A worm (D:2)
  A dart slug (D:2)
  3 leopard geckos (D:2)
  4 bats
  A giant cockroach (D:1)
  2 goblins (D:1)
  11 hobgoblins
  A jackal (D:3)
  5 kobolds
  3 frilled lizards
  8 rats
41 creatures vanquished.

Notes
Turn   | Place    | Note
-------+----------+-------------------------------------------
     0 | Abyss:1  | Gargoyl the Centaur Abyssal Knight began the quest for the
                  | Orb.
     0 | Abyss:1  | Reached XP level 1. HP: 19/19 MP: 2/2
    67 | Abyss:1  | Noticed a small abomination
    89 | Abyss:2  | Got a steaming leather armour
   100 | Abyss:2  | Identified the +2 leather armour of Patterns {rC- rCorr
                  | Int+4} (You found it on level 2 of the Abyss)
   167 | Abyss:2  | Noticed an iron imp
   203 | Abyss:2  | Noticed a large abomination
   206 | Abyss:2  | Noticed a small abomination
   215 | Abyss:2  | Noticed a rakshasa
   219 | Abyss:2  | Noticed a tentacled starspawn
   247 | Abyss:2  | Noticed a chaos spawn
   261 | Abyss:2  | Noticed a spatial vortex
   264 | Abyss:2  | Noticed a spatial maelstrom
   269 | D:1      | Escaped the Abyss
   454 | D:1      | Reached * piety under Lugonu
   480 | D:1      | Reached XP level 2. HP: 12/26 MP: 3/3
   742 | D:1      | Reached skill level 1 in Dodging
  1297 | D:2      | Reached XP level 3. HP: 31/31 MP: 4/4
  1718 | D:2      | Found a faded altar of an unknown god.
  2361 | D:3      | Killed from afar by an orc priest

Skill      XL: |  1  2 |
---------------+-------+-----
Axes           | 2 |  2.2
Dodging        | 1 |  1.2
Fighting       | |  3.4
Armour         | |  1.9
Invocations    | |  2.5

Action                   || total
-------------------------++-------
Melee: Hand axe          ||    88
       Kick              ||    11
Invok: Depart the Abyss  ||     1
  Use: Potion            ||     2
       Scroll            ||     5
  Eat: Chunk             ||     2
Armor: Leather armour    ||    18
       Ring mail         ||    24
Dodge: Dodged            ||    42
